 Seeded DCSS version 0.30.1-11-g7821555f0a (webtiles) character file.

Game seed: 537684885960813688 (custom seed)

16058 fireball365 the Severer (level 12, 0/108 HPs)
             Began as a Hill Orc Fighter on Dec 31, 2023.
             Was an Initiate of Gozag.
             Slain by fireball365's ghost (4 damage)
             ... on level 12 of the Dungeon.
             The game lasted 00:22:40 (12660 turns).

fireball365 the Severer (Hill Orc Fighter)         Turns: 12660, Time: 00:22:41

Health: 0/108      AC: 23    Str: 24    XL:     12   Next: 33%
Magic:  12/12      EV: 10    Int: 13    God:    Gozag
Gold:   2798       SH:  0    Dex: 16    Spells: 11/11 levels left

rFire   x . .        R - +0 executioner's axe of Saltpetre {flame, rPois rF- rN+ Int+2}
rCold   + + .        (shield currently unavailable)
rNeg    + . .        l - +2 chain mail "Fugg" {Harm Fly rC++ Int-3}
rPois   +            B - +0 helmet
rElec   .            r - +2 cloak
rCorr   .            x - +2 pair of gloves
SInv    .            J - +0 pair of boots
Will    .....        L - amulet of the acrobat Stlth
                     p - +6 ring of dexterity
HPRegen 0.38/turn    Q - +6 ring of intelligence
MPRegen 0.13/turn

%: harm (+30% outgoing, +20% incoming), acrobat, clarity
@: flying
A: hooves 1, clarity, subdued magic 1
a: Renounce Religion, Potion Petition, Call Merchant, Bribe Branch


You were on level 12 of the Dungeon.
You worshipped Gozag.
Gozag was most pleased with you.
You visited 1 branch of the dungeon, and saw 12 of its levels.
You also visited: Sewer.

You collected 3115 gold pieces.
You spent 175 gold pieces at shops.
You paid 142 gold pieces to Gozag.

Inventory:

Hand Weapons
 a - a +0 war axe
 y - a +0 war axe of flaming
 R - the +0 executioner's axe of Saltpetre (weapon) {flame, rPois rF- rN+ Int+2}
   (You acquired it on level 11 of the Dungeon)

   Int:       It affects your intelligence (+2).
   rF:        It makes you vulnerable to fire.
   rPois:     It protects you from poison.
   rN:        It protects you from negative energy.
Missiles
 e - 12 boomerangs (quivered)
 E - a throwing net
 F - 23 poisoned darts
Armour
 c - a +0 buckler
 l - the +2 chain mail "Fugg" (worn) {Harm Fly rC++ Int-3}
   (You found it on level 2 of the Dungeon)

   Int:       It affects your intelligence (-3).
   rC:        It greatly protects you from cold.
   Fly:       It grants you flight.
   Harm:      It increases damage dealt and taken.
 r - a +2 cloak (worn)
 x - a +2 pair of gloves (worn)
 B - a +0 helmet (worn)
 J - a +0 pair of boots (worn)
Jewellery
 o - a +6 ring of intelligence
 p - a +6 ring of dexterity (left hand)
 q - a ring of protection from fire
 L - an amulet of the acrobat (around neck)
 Q - a +6 ring of intelligence (right hand)
Wands
 n - a wand of iceblast (5)
 G - a wand of polymorph (6)
 P - a wand of acid (4)
Scrolls
 g - 2 scrolls of torment {unknown}
 h - 8 scrolls of teleportation
 k - a scroll of magic mapping {unknown}
 s - a scroll of amnesia {unknown}
 t - 4 scrolls of noise
 v - 8 scrolls of identify
 z - 2 scrolls of blinking
 A - a scroll of vulnerability {unknown}
 C - a scroll of enchant armour {unknown}
 M - a scroll of fear {unknown}
 O - a scroll of fog {unknown}
 S - a scroll of poison {unknown}
Potions
 b - 2 potions of flight {unknown}
 d - 3 potions of might
 f - a potion of attraction {unknown}
 i - 2 potions of degeneration {unknown}
 j - a potion of lignification {unknown}
 m - a potion of haste
 u - 3 potions of invisibility {unknown}
 w - 3 potions of curing
 D - 4 potions of heal wounds
 H - a potion of mutation
 I - a potion of cancellation {unknown}
 K - 2 potions of brilliance {unknown}
 N - 2 potions of resistance
Miscellaneous
 T - a piece from Xom's chessboard (15/15)


   Skills:
 + Level 10.6 Fighting
 + Level 16.9 Axes
 + Level 10.7 Armour
 + Level 3.6 Dodging
 + Level 2.4 Stealth
 + Level 7.3 Shields
 + Level 0.2 Evocations


You had 11 spell levels left.
You didn't know any spells.
Your spell library contained the following spells:

 Spells                   Type           Power      Damage    Failure   Level
 Freeze                   Ice            0%         1d3       73%         1
 Necrotise                Necr           0%         1d4       73%         1
 Blink                    Tloc           0%         N/A       86%         2
 Lesser Beckoning         Tloc           0%         N/A       86%         2
 Momentum Strike          Conj/Tloc      0%         3d8       86%         2
 Poisonous Vapours        Pois/Air       0%         N/A       86%         2
 Call Canine Familiar     Summ           0%         N/A       98%         3
 Frozen Ramparts          Ice            0%         1d1       98%         3
 Gell's Gravitas          Tloc           0%         N/A       98%         3
 Hailstorm                Conj/Ice       0%         3d3       98%         3
 Mephitic Cloud           Conj/Pois/Air  0%         N/A       98%         3
 Portal Projectile        Hex/Tloc       0%         N/A       98%         3
 Teleport Other           Tloc           0%         N/A       98%         3
 Tukima's Dance           Hex            0%         N/A       98%         3
 Vampiric Draining        Necr           0%         2d6       98%         3
 Leda's Liquefaction      Hex/Erth       0%         N/A       100%        4
 Passage of Golubria      Tloc           0%         N/A       100%        4
 Agony                    Necr           0%         N/A       100%        5
 Freezing Cloud           Conj/Ice/Air   0%         6-21      100%        5
 Yara's Violent Unravell  Hex/Tmut       0%         3d3       100%        5


Dungeon Overview and Level Annotations

Branches:
Dungeon (12/15)            Temple (0/1) D:5            Lair (0/5) D:10
  Sewer (visited)
    Orc: D:9-12

Altars:
Ashenzari
Cheibriados
Dithmenos
Fedhas
Gozag
Kikubaaqudgha

Shops:
D:3 :   D:11 ?

Annotations:
D:12 fireball365's ghost, journeyman HOFi


Innate Abilities, Weirdness & Mutations

You have large cloven feet.
You possess an exceptional clarity of mind.
Your spells are a little easier to cast, but a little less powerful.


Message History

There is an escape hatch in the ceiling here.
As you read the scroll labelled WIGYQU YKHLOTHE, it crumbles to dust.
You hear a loud clanging noise!
It was a scroll of noise.
There is an escape hatch in the ceiling here.
You now have 2793 gold pieces (gained 4).
You now have 2798 gold pieces (gained 5).
A gnoll sergeant is nearby!
There is an escape hatch in the ceiling here.
You barely miss fireball365's ghost. Fireball365's ghost hits you!
Fireball365's ghost burns you.
You barely miss fireball365's ghost.
Fireball365's ghost hits you but does no damage.
You closely miss fireball365's ghost. Fireball365's ghost hits you!
Fireball365's ghost burns you.
You closely miss fireball365's ghost. Fireball365's ghost hits you.
Fireball365's ghost burns you.
You closely miss fireball365's ghost. Fireball365's ghost hits you.
Fireball365's ghost burns you.
You slash fireball365's ghost!
Fireball365's ghost is lightly damaged.
Fireball365's ghost hits you but does no damage.
You closely miss fireball365's ghost.
Fireball365's ghost is lightly damaged.
Fireball365's ghost closely misses you.
You closely miss fireball365's ghost.
Fireball365's ghost is lightly damaged.
Fireball365's ghost hits you! Fireball365's ghost burns you!
* * * LOW HITPOINT WARNING * * *
You hit fireball365's ghost.
Fireball365's ghost is lightly damaged.
Fireball365's ghost hits you!!
* * * LOW HITPOINT WARNING * * *
Fireball365's ghost burns you.
* * * LOW HITPOINT WARNING * * *
You hit fireball365's ghost but do no damage.
Fireball365's ghost is lightly damaged.
Fireball365's ghost hits you.
You die...
Your body crumbles into a pile of gold.

############## #
#............# .
#.#####.####.##.
########.#####.#.......
#.....@W.........##.##.
#.#.#.##.#####.####.# .
#.#<##.#####.####.# .
#...##..........>.# .
###.############### #
#.###.# #.....#
######### #####.##
#.......# #...#
#.......## ###


You could see fireball365's ghost.

Vanquished Creatures
  4 two-headed ogres
  Amaemon (D:11)
  The ghost of dchavez06 the Grappler, a novice TrWr of Cheibriados (D:7)
  Pikel (D:5)
  An ugly thing (D:11)
  3 cyclopes
  A manticore (D:11)
  An orange demon (D:11)
  A gargoyle (D:10)
  A rime drake (D:10)
  A komodo dragon (D:11)
  2 trolls
  4 shadows
  Sigmund (D:3)
  A water elemental (D:11)
  3 wyverns
  15 yaks
  A steam dragon (D:8)
  6 vampire mosquitoes (D:12)
  Edmund (D:6)
  Pargi (Sewer)
  A sky beast (D:7)
  Duvessa (D:5)
  2 orc warriors
  A meliai simulacrum (D:12)
  3 black bears
  5 ice beasts
  An ogre (D:6)
  A wolf (D:10)
  3 centaurs
  4 lemures (D:5)
  A phantom (D:5)
  Blork the orc (D:6)
  4 kobold brigands
  2 gnoll sergeants
  2 scorpions (D:6)
  8 wights
  Dowan (D:5)
  4 killer bees (D:8)
  7 howler monkeys
  A jelly (D:6)
  3 hounds (D:6)
  5 orc priests
  2 gnoll boudas
  2 iguanas
  12 orc wizards
  Robin (D:3)
  18 gnolls
  8 adders
  2 river rats (D:4)
  A shadow imp (D:7)
  2 white imps
  2 ufetubi
  4 worms (D:4)
  2 dart slugs (D:4)
  34 orcs
  8 endoplasms
  4 giant cockroaches (D:3)
  20 goblins
  12 hobgoblins
  5 jackals
  22 kobolds
  4 quokkas
  8 ball pythons
  17 bats
  4 frilled lizards
  6 rats
312 creatures vanquished.

Notes
Turn   | Place    | Note
-------+----------+-------------------------------------------
     0 | D:1      | fireball365 the Hill Orc Fighter began the quest for the
                  | Orb.
     0 | D:1      | Reached XP level 1. HP: 19/19 MP: 1/1
   309 | D:1      | Reached XP level 2. HP: 27/27 MP: 2/2
   683 | D:1      | Found a faded altar of an unknown god.
   800 | D:1      | Reached skill level 3 in Axes
   995 | D:2      | Reached XP level 3. HP: 20/33 MP: 3/3
  1474 | D:2      | Reached skill level 4 in Axes
  1474 | D:2      | Reached XP level 4. HP: 17/40 MP: 4/4
  1606 | D:2      | Identified the +2 chain mail "Fugg" {Harm Fly rC++ Int-3}
  1821 | D:3      | Identified the +2 robe of the Albatross {rC+++ Will+ Str+5
                  | Dex-2}
  2136 | D:3      | You are sucked into a shaft and drop 1 floor!
  2241 | D:4      | Reached XP level 5. HP: 13/47 MP: 5/5
  2286 | D:4      | Found a glowing drain.
  2294 | Sewer    | Entered a sewer
  2472 | Sewer    | Noticed a kobold brigand
  2485 | Sewer    | Killed a kobold brigand
  2486 | Sewer    | Reached skill level 5 in Axes
  2558 | Sewer    | Noticed Pargi
  2566 | Sewer    | Killed Pargi
  2567 | Sewer    | Reached skill level 6 in Axes
  2567 | Sewer    | Reached XP level 6. HP: 41/53 MP: 6/6
  2869 | D:4      | Reached skill level 1 in Dodging
  3090 | D:3      | Found a blossoming altar of Fedhas.
  3090 | D:3      | Found a snail-covered altar of Cheibriados.
  3329 | D:4      | Reached XP level 7. HP: 60/60 MP: 7/7
  3464 | D:3      | Found Kemi's Book Shop.
  3527 | D:3      | Noticed Sigmund
  3540 | D:3      | Noticed Robin
  3681 | D:3      | Killed Sigmund
  3682 | D:3      | Reached skill level 7 in Axes
  3835 | D:3      | Killed Robin
  3839 | D:3      | Reached skill level 5 in Fighting
  4237 | D:5      | Entered Level 5 of the Dungeon
  4247 | D:5      | Found a staircase to the Ecumenical Temple.
  4381 | D:5      | Reached skill level 5 in Armour
  4464 | D:6      | Noticed Edmund
  4474 | D:6      | Reached skill level 8 in Axes
  4478 | D:6      | Killed Edmund
  4479 | D:6      | Reached XP level 8. HP: 63/68 MP: 8/8
  4508 | D:6      | Reached skill level 9 in Axes
  4599 | D:6      | Found an opulent altar of Gozag.
  4628 | D:6      | Became a worshipper of Gozag Ym Sagoz the Greedy
  4995 | D:5      | Noticed Pikel
  5020 | D:5      | Killed Pikel
  5021 | D:5      | Reached skill level 10 in Axes
  5021 | D:5      | Reached skill level 5 in Shields
  5021 | D:5      | Reached XP level 9. HP: 60/75 MP: 9/9
  5126 | D:5      | Noticed Duvessa
  5126 | D:5      | Noticed Dowan
  5139 | D:5      | Killed Dowan
  5140 | D:5      | Reached skill level 11 in Axes
  5153 | D:5      | Killed Duvessa
  5513 | D:5      | Identified 2 scrolls of acquirement
  6061 | D:6      | Reached skill level 1 in Stealth
  6435 | D:6      | Noticed Blork the orc
  6446 | D:6      | Killed Blork the orc
  6447 | D:6      | Reached skill level 12 in Axes
  6708 | D:7      | Found a runed translucent gate.
  6708 | D:7      | Found a runed translucent gate.
  6708 | D:7      | Found a runed translucent gate.
  6709 | D:7      | Noticed dchavez06's ghost (novice TrWr)
  7640 | D:7      | Reached XP level 10. HP: 71/86 MP: 10/10
  7852 | D:7      | Killed dchavez06's ghost
  7853 | D:7      | Reached skill level 13 in Axes
  8551 | D:8      | Found a broken altar of Ashenzari.
  8696 | D:9      | Reached skill level 14 in Axes
  8879 | D:9      | Found a shadowy altar of Dithmenos.
  9102 | D:10     | Entered Level 10 of the Dungeon
  9379 | D:10     | Reached XP level 11. HP: 91/95 MP: 11/11
  9379 | D:10     | Noticed a two-headed ogre
  9392 | D:10     | Killed a two-headed ogre
  9501 | D:10     | Identified the +0 ring mail of Submission {rElec rPois
                  | Slay+3}
  9769 | D:10     | Reached skill level 15 in Axes
 10044 | D:10     | Found a staircase to the Lair.
 10464 | D:11     | Noticed Amaemon
 10478 | D:11     | Killed Amaemon
 10720 | D:11     | Acquired the +0 executioner's axe of Saltpetre {flame,
                  | rPois rF- rN+ Int+2}
 11004 | D:11     | Noticed a cyclops
 11008 | D:11     | Noticed a two-headed ogre
 11013 | D:11     | Killed a cyclops
 11018 | D:11     | Killed a two-headed ogre
 11042 | D:11     | Reached skill level 10 in Fighting
 11189 | D:11     | Acquired 852 gold pieces
 11219 | D:11     | Reached skill level 16 in Axes
 11246 | D:11     | Noticed a cyclops
 11252 | D:11     | Killed a cyclops
 11294 | D:11     | Noticed a two-headed ogre
 11299 | D:11     | Killed a two-headed ogre
 11300 | D:11     | Reached skill level 10 in Armour
 11300 | D:11     | Reached XP level 12. HP: 106/106 MP: 12/12
 11662 | D:11     | Found Cix Uhyn's Magic Scroll Emporium.
 11672 | D:11     | Bought a scroll of teleportation for 42 gold pieces
 11672 | D:11     | Bought a scroll of identify for 28 gold pieces
 11672 | D:11     | Bought a scroll of blinking for 105 gold pieces
 11701 | D:11     | Gained mutation: Your spells are a little easier to cast,
                  | but a little less powerful. [potion of mutation]
 11701 | D:11     | Gained mutation: You have large cloven feet. [potion of
                  | mutation]
 11701 | D:11     | Gained mutation: You possess an exceptional clarity of
                  | mind. [potion of mutation]
 11820 | D:11     | Identified the +3 leather armour of Qenygiod {rPois}
 11886 | D:11     | Found an ancient bone altar of Kikubaaqudgha.
 12068 | D:12     | Noticed a two-headed ogre
 12072 | D:12     | Killed a two-headed ogre
 12180 | D:12     | Found a runed translucent gate.
 12180 | D:12     | Found a runed translucent gate.
 12180 | D:12     | Found a runed translucent gate.
 12182 | D:12     | Noticed fireball365's ghost (journeyman HOFi)
 12193 | D:12     | HP: 5/107 [phantasmal warrior (12)]
 12659 | D:12     | HP: 3/108 [fireball365's ghost (7)]
 12660 | D:12     | Slain by fireball365's ghost

Illustrated notes

Levels and vault maps discovered:
D:1:      dpeg_arrival_stonehenge_8_columns, layout_basic,
          shapermc_ecumenical_altar_starsandcircs
D:2:      layout_basic
D:3:      layout_basic, nicolae_overflow_hidden_temple, serial_shops,
          nicolae_shop_tiny_real_fake_doors, corexii_item_surrounded_by_moat,
          minmay_joined_circles, uniq_sigmund, uniq_robin
D:4:      cheibrodos_greedy_goblins, layout_gridville, lightli_sewer_entry_pipes
D:5:      layout_rooms, temple_statues, dk_noncrumbling_4, uniq_pikel,
          uniq_duvessa
D:6:      layout_gridville, nicolae_gozag_seed_capital, uniq_edmund,
          uniq_blork_the_orc
D:7:      layout_basic, ebering_ghost_rock_garden,
          eino_small_chamber_without_monster
D:8:      layout_cave_pools, mainiacjoe_overflow_alcove_4
D:9:      layout_basic, grunt_dithmenos_smoke_and_mirrors
D:10:     layout_gridville, hellmonk_lair_entry_icy, roderic_batcave
D:11:     wad_crossroads, layout_long_grid, serial_shops, shop_scrolls,
          hangedman_abyss_or_decor_passed, minmay_crystal_water,
          nicolae_kikubaaqudgha_miasma_corner, uniq_amaemon
D:12:     layout_loops_cross, minmay_orc_entry_guard_dogs, gammafunk_ghost_split

Skill      XL: |  1  2  3  4  5  6  7  8  9 10 11 |
---------------+----------------------------------+-----
Fighting       | 4 5 6 7 8 10 | 10.6
Axes           | 3 4 6 8 10 12 14 16 | 16.9
Armour         | 4 5 6 7 8 10 | 10.7
Shields        | 4 5 6 7 |  7.3
Dodging        | 1 2 3 |  3.6
Stealth        | 1 2 |  2.4
Evocations     | |  0.2

Action                     |  1- 3 |  4- 6 |  7- 9 | 10-12 || total
---------------------------+-------+-------+-------+-------++-------
  Melee: War axe           |    88 |   164 |   298 |   241 ||   791
         Executioner's axe |       |       |       |    90 ||    90
  Evoke: Wand              |       |       |     1 |     1 ||     2
    Use: Scroll            |       |     1 |     6 |     7 ||    14
         Potion            |       |       |       |     3 ||     3
   Stab: Distracted        |       |       |     3 |     5 ||     8
 Armour: Scale mail        |    73 |     8 |       |       ||    81
         Chain mail        |       |   141 |   268 |   243 ||   652
  Dodge: Dodged            |    53 |    82 |   163 |   199 ||   497
  Block: Buckler           |    32 |    51 |    95 |    97 ||   275
